HBL
NASHVILLE SOUNDS @ PORTLAND STAG
04/11/1997
 
TOP OF THE 1ST
Nashville Sounds batting - Pitching for Portland Stag : RHP Bryan Rekar
Pitching: RHP Bryan Rekar
Batting: RHB Danny Bautista 0-0: Ball
1-0: Ball
2-0: Called Strike
2-1: Foul Ball, location: 2F
2-2: Fly out, F6 (Popup, 6D, EV 65.0 MPH)
Batting: RHB George Arias 0-0: Ball
1-0: Ball
2-0: Called Strike
2-1: Foul Ball, location: 2F
2-2: Fly out, F8 (Flyball, 8RD, EV 100.6 MPH)
Batting: LHB Dion James 0-0: Fly out, F7 (Line Drive, 7, EV 91.3 MPH)
Top of the 1st over - 0 runs, 0 hits, 0 errors, 0 left on base; Nashville 0 - Portland 0
BOTTOM OF THE 1ST
Portland Stag batting - Pitching for Nashville Sounds : RHP Esteban Loaiza
Pitching: RHP Esteban Loaiza
Batting: RHB Fernando Tatis 0-0: Called Strike
0-1: Ball
1-1: Fly out, F4 (Popup, 4M, EV 63.8 MPH)
Batting: RHB Alex S Gonzalez 0-0: Ball
1-0: Ball
2-0: SINGLE (Groundball, 6MD, EV 96.3 MPH)
Batting: RHB Jeff Kunkel 0-0: Called Strike
0-1: Ball
1-1: Ball
2-1: Grounds into double play, 4-6-3 (Groundball, 4, EV 76.3 MPH)
Bottom of the 1st over - 0 runs, 1 hit, 0 errors, 0 left on base; Nashville 0 - Portland 0
TOP OF THE 2ND
Nashville Sounds batting - Pitching for Portland Stag : RHP Bryan Rekar
Batting: RHB Paul Konerko 0-0: Called Strike
0-1: Swinging Strike
0-2: Ball
1-2: Ground out 4-3 (Groundball, 34, EV 85.6 MPH)
Batting: SHB Raul Casanova 0-0: Ball
1-0: TRIPLE (Line Drive, 8RXD, EV 114.4 MPH)
Batting: RHB Eli Marrero 0-0: Foul Ball, location: 2F
0-1: Ball
1-1: Foul Ball, location: 2F
1-2: Ball
2-2: Foul Ball, location: 2F
2-2: Foul Ball, location: 2F
2-2: Strikes out swinging
Batting: RHB Adam Riggs 0-0: Called Strike
0-1: SINGLE (Line Drive, 89S, EV 105.6 MPH)
Raul Casanova scores
Batting: SHB Felix Martinez 0-0: Ball
1-0: Swinging Strike
1-1: SINGLE (Line Drive, 8LS, EV 99.4 MPH)
Adam Riggs to second
Batting: RHB Donnell Neal 0-0: Called Strike
0-1: Fly out, F4 (Popup, 3S, EV 89.4 MPH)
Top of the 2nd over - 1 run, 3 hits, 0 errors, 2 left on base; Nashville 1 - Portland 0
BOTTOM OF THE 2ND
Portland Stag batting - Pitching for Nashville Sounds : RHP Esteban Loaiza
Batting: LHB Mark P Johnson 0-0: Ball
1-0: Called Strike
1-1: Ball
2-1: Called Strike
2-2: Ball
3-2: Fly out, F8 (Flyball, 8LM, EV 78.1 MPH)
Batting: RHB Mike Macfarlane 0-0: Ball
1-0: Ball
2-0: Called Strike
2-1: DOUBLE (Line Drive, 3D, EV 110.6 MPH)
Batting: RHB Mike Mordecai 0-0: Called Strike
0-1: Swinging Strike
0-2: Foul Ball, location: 2F
0-2: Ground out 3-1 (Groundball, 34S, EV 75.6 MPH)
Mike Macfarlane to third
Batting: RHB Chris Widger 0-0: Ball
1-0: Ball
2-0: Ball
3-0: Called Strike
3-1: Foul Ball, location: 2F
3-2: Base on Balls
Batting: RHB Josh Booty 0-0: Ball
1-0: SINGLE (Line Drive, 3D, EV 98.8 MPH)
Mike Macfarlane scores
Chris Widger to second
Runner from 2nd tries for 3rd, SAFE, throw by RF made to third
Batting: LHB Yoshinobu Takahashi 0-0: Called Strike
0-1: SINGLE (Groundball, 6D, EV 99.4 MPH)
Chris Widger scores
Josh Booty to second
Batting: RHB Fernando Tatis 0-0: Ball
1-0: SINGLE (Line Drive, 6D, EV 95.0 MPH)
Josh Booty to third
Yoshinobu Takahashi to second
Runner from 3rd tries for Home, SAFE, throw by CF to home
Batting: RHB Alex S Gonzalez 0-0: Ball
1-0: Called Strike
1-1: Fly out, F3 (Popup, 3SF, EV 73.1 MPH)
Bottom of the 2nd over - 3 runs, 4 hits, 0 errors, 2 left on base; Nashville 1 - Portland 3
TOP OF THE 3RD
Nashville Sounds batting - Pitching for Portland Stag : RHP Bryan Rekar
Batting: RHB Danny Bautista 0-0: Called Strike
0-1: Foul Ball, location: 2F
0-2: Ball
1-2: Ground out 5-3 (Groundball, 56, EV 85.0 MPH)
Batting: RHB George Arias 0-0: Called Strike
0-1: Foul Ball, location: 2F
0-2: Strikes out swinging
Batting: LHB Dion James 0-0: Ball
1-0: Called Strike
1-1: Fly out, F8 (Flyball, 8LS, EV 86.9 MPH)
Top of the 3rd over - 0 runs, 0 hits, 0 errors, 0 left on base; Nashville 1 - Portland 3
BOTTOM OF THE 3RD
Portland Stag batting - Pitching for Nashville Sounds : RHP Esteban Loaiza
Batting: RHB Jeff Kunkel 0-0: Ground out 6-3 (Groundball, 6, EV 81.3 MPH)
Batting: LHB Mark P Johnson 0-0: Called Strike
0-1: Foul Ball, location: 2F
0-2: Foul Ball, location: 2F
0-2: Ball
1-2: Ball
2-2: Ball
3-2: Foul Ball, location: 2F
3-2: Fly out, F6 (Popup, 6MS, EV 65.0 MPH)
Batting: RHB Mike Macfarlane 0-0: Called Strike
0-1: Called Strike
0-2: Fly out, F3 (Popup, 3F, EV 68.8 MPH)
Bottom of the 3rd over - 0 runs, 0 hits, 0 errors, 0 left on base; Nashville 1 - Portland 3
TOP OF THE 4TH
Nashville Sounds batting - Pitching for Portland Stag : RHP Bryan Rekar
Batting: RHB Paul Konerko 0-0: Ball
1-0: SINGLE (Groundball, 6D, EV 104.4 MPH)
Batting: SHB Raul Casanova 0-0: SINGLE (Groundball, 4S, EV 66.9 MPH) (infield hit)
Paul Konerko to second
Batting: RHB Eli Marrero 0-0: Ball
1-0: Ball
2-0: Called Strike
2-1: Foul Ball, location: 2F
2-2: Ball
3-2: Strikes out swinging
Batting: RHB Adam Riggs 0-0: Foul Ball, location: 2F
0-1: Fly out, F8 (Flyball, 78S, EV 82.5 MPH)
Batting: SHB Felix Martinez 0-0: Fly out, F9 (Flyball, 89S, EV 93.8 MPH)
Top of the 4th over - 0 runs, 2 hits, 0 errors, 2 left on base; Nashville 1 - Portland 3
BOTTOM OF THE 4TH
Portland Stag batting - Pitching for Nashville Sounds : RHP Esteban Loaiza
Batting: RHB Mike Mordecai 0-0: Ball
1-0: Ball
2-0: Ball
3-0: Called Strike
3-1: Foul Ball, location: 2F
3-2: Ground out 6-3 (Groundball, 6, EV 101.3 MPH)
Batting: RHB Chris Widger 0-0: Ball
1-0: Foul Ball, location: 2F
1-1: Foul Ball, location: 2F
1-2: Ball
2-2: SINGLE (Groundball, 4MD, EV 110.6 MPH)
Batting: RHB Josh Booty 0-0: Called Strike
0-1: Ball
1-1: Ball
2-1: Called Strike
2-2: Fielders Choice at 2nd, 6-4 (Groundball, 56, EV 88.8 MPH)
Batting: LHB Yoshinobu Takahashi 0-0: Fly out, F4 (Line Drive, 4, EV 65.0 MPH)
Bottom of the 4th over - 0 runs, 1 hit, 0 errors, 1 left on base; Nashville 1 - Portland 3
TOP OF THE 5TH
Nashville Sounds batting - Pitching for Portland Stag : RHP Bryan Rekar
Batting: RHB Donnell Neal 0-0: Called Strike
0-1: Ball
1-1: Swinging Strike
1-2: Strikes out swinging
Batting: RHB Danny Bautista 0-0: Called Strike
0-1: Ball
1-1: Ball
2-1: Swinging Strike
2-2: Foul Ball, location: 2F
2-2: Strikes out swinging
Batting: RHB George Arias 0-0: Fly out, F2 (Popup, 2R, EV 92.5 MPH)
Top of the 5th over - 0 runs, 0 hits, 0 errors, 0 left on base; Nashville 1 - Portland 3
BOTTOM OF THE 5TH
Portland Stag batting - Pitching for Nashville Sounds : RHP Esteban Loaiza
Batting: RHB Fernando Tatis 0-0: Foul Ball, location: 2F
0-1: Foul Ball, location: 2F
0-2: Strikes out looking
Batting: RHB Alex S Gonzalez 0-0: Called Strike
0-1: Ball
1-1: Ball
2-1: Ball
3-1: SINGLE (Line Drive, 7S, EV 98.1 MPH)
Batting: RHB Jeff Kunkel 0-0: Ball
1-0: Foul Ball, location: 2F
1-1: Ball
2-1: Foul Ball, location: 2F
2-2: Ball
3-2: Fly out, F3 (Popup, 3S, EV 68.1 MPH)
Batting: LHB Mark P Johnson 0-0: Called Strike
0-1: Swinging Strike
0-2: Ball
Alex S Gonzalez steals 2nd base
1-2: Strikes out swinging
Bottom of the 5th over - 0 runs, 1 hit, 0 errors, 1 left on base; Nashville 1 - Portland 3
TOP OF THE 6TH
Nashville Sounds batting - Pitching for Portland Stag : RHP Bryan Rekar
Batting: LHB Dion James 0-0: Swinging Strike
0-1: Fly out, F9 (Flyball, 9S, EV 74.4 MPH)
Batting: RHB Paul Konerko 0-0: Fly out, F9 (Flyball, 9, EV 87.5 MPH)
Batting: SHB Raul Casanova 0-0: Fly out, F9 (Line Drive, 9, EV 88.8 MPH)
Top of the 6th over - 0 runs, 0 hits, 0 errors, 0 left on base; Nashville 1 - Portland 3
BOTTOM OF THE 6TH
Portland Stag batting - Pitching for Nashville Sounds : RHP Esteban Loaiza
Batting: RHB Mike Macfarlane 0-0: Ball
1-0: SINGLE (Groundball, 6MD, EV 103.8 MPH)
Batting: RHB Mike Mordecai 0-0: Bunted foul
0-1: Ball
1-1: Bunted foul
1-2: Ball
2-2: Ball
3-2: Base on Balls
Mike Macfarlane to second
Batting: RHB Chris Widger 0-0: Foul Ball, location: 2F
0-1: Ball
1-1: Called Strike
1-2: SINGLE (Line Drive, 9S, EV 93.8 MPH)
Mike Macfarlane to third
Mike Mordecai to second
Batting: RHB Josh Booty 0-0: Ball
1-0: Ball
2-0: Called Strike
2-1: Foul Ball, location: 2F
2-2: Fly out, F8 (Line Drive, 8RD, EV 91.3 MPH)
Batting: LHB Yoshinobu Takahashi 0-0: Called Strike
0-1: Reached on error, E8 (Line Drive, 8RM, EV 84.4 MPH)
Mike Macfarlane scores
Mike Mordecai scores
Chris Widger to third
Batting: RHB Fernando Tatis 0-0: Fly out, F7 (Flyball, 7, EV 79.4 MPH)
Runner from 3rd tags up, SCORES, throw by LF
Yoshinobu Takahashi to third
Pitching: RHP Don Wengert
Batting: RHB Alex S Gonzalez 0-0: Called Strike
0-1: Single, Error in OF, E9, batter to second base (Line Drive, 3D, EV 96.9 MPH)
Yoshinobu Takahashi scores
Batting: RHB Jeff Kunkel 0-0: Swinging Strike
0-1: 2-RUN HOME RUN (Flyball, 89XD, EV 104.4 MPH), Distance : 422 ft
Batting: LHB Mark P Johnson 0-0: SINGLE (Line Drive, 4MD, EV 97.5 MPH)
Batting: RHB Mike Macfarlane 0-0: Called Strike
0-1: Foul Ball, location: 2F
0-2: Ball
1-2: Ball
2-2: Foul Ball, location: 2F
2-2: 2-RUN HOME RUN (Flyball, 9D, EV 101.3 MPH), Distance : 386 ft
Pitching: LHP Cliff Young
Batting: RHB Mike Mordecai 0-0: Called Strike
0-1: Ball
1-1: SINGLE (Groundball, 34D, EV 97.5 MPH)
Batting: RHB Chris Widger 0-0: Called Strike
0-1: Foul Ball, location: 2F
0-2: Ground out 1-3 (Groundball, 13S, EV 67.5 MPH)
Bottom of the 6th over - 8 runs, 7 hits, 2 errors, 1 left on base; Nashville 1 - Portland 11
TOP OF THE 7TH
Nashville Sounds batting - Pitching for Portland Stag : RHP Bryan Rekar
Batting: RHB Eli Marrero 0-0: SINGLE (Groundball, 56D, EV 96.9 MPH)
Batting: RHB Adam Riggs 0-0: Ball
1-0: Called Strike
1-1: Foul Ball, location: 2F
1-2: Foul Ball, location: 2F
1-2: DOUBLE (Line Drive, 89XD, EV 100.6 MPH)
Eli Marrero to third
Runner from 3rd tries for Home, SAFE, no throw by RF
Batting: SHB Felix Martinez 0-0: Fly out, F3 (Popup, 3SF, EV 73.1 MPH)
Batting: RHB Donnell Neal 0-0: Foul Ball, location: 2F
0-1: Ground out 4-3 (Groundball, 4, EV 86.3 MPH)
Adam Riggs to third
Batting: RHB Danny Bautista 0-0: Ball
1-0: Fly out, F9 (Line Drive, 9, EV 108.8 MPH)
Top of the 7th over - 1 run, 2 hits, 0 errors, 1 left on base; Nashville 2 - Portland 11
BOTTOM OF THE 7TH
Portland Stag batting - Pitching for Nashville Sounds : LHP Cliff Young
Batting: RHB Josh Booty 0-0: Swinging Strike
0-1: Ground out 5-3 (Groundball, 56, EV 92.5 MPH)
Batting: LHB Yoshinobu Takahashi 0-0: Called Strike
0-1: Ball
1-1: Foul Ball, location: 2F
1-2: Foul Ball, location: 2F
1-2: Ground out 6-3 (Groundball, 6, EV 95.6 MPH)
Batting: RHB Fernando Tatis 0-0: Called Strike
0-1: Ball
1-1: Swinging Strike
1-2: SINGLE (Line Drive, 89M, EV 108.8 MPH)
Batting: RHB Alex S Gonzalez 0-0: Ball
1-0: Ground out 1-3 (Groundball, P, EV 88.8 MPH)
Bottom of the 7th over - 0 runs, 1 hit, 0 errors, 1 left on base; Nashville 2 - Portland 11
TOP OF THE 8TH
Nashville Sounds batting - Pitching for Portland Stag : RHP Bryan Rekar
Pinch Hitting: LHB Jeff Branson 0-0: Ball
1-0: Called Strike
1-1: Foul Ball, location: 2F
1-2: Ball
2-2: Ball
3-2: Fly out, F8 (Line Drive, 8LM, EV 88.8 MPH)
Batting: LHB Dion James 0-0: Ball
1-0: Reaches on Catchers interference
Batting: RHB Paul Konerko 0-0: Ball
1-0: Ball
2-0: Called Strike
2-1: Fielders Choice at 2nd, 1-4 (Groundball, 15S, EV 64.4 MPH)
Batting: SHB Raul Casanova 0-0: Ball
1-0: Foul Ball, location: 2F
1-1: Ball
2-1: Ball
3-1: Fly out, F9 (Flyball, 89D, EV 101.9 MPH)
Top of the 8th over - 0 runs, 0 hits, 1 error, 1 left on base; Nashville 2 - Portland 11
BOTTOM OF THE 8TH
Portland Stag batting - Pitching for Nashville Sounds : LHP Cliff Young
Now at 2B: Jeff Branson
Batting: RHB Jeff Kunkel 0-0: Foul Ball, location: 2F
0-1: Fly out, F7 (Flyball, 78M, EV 90.0 MPH)
Batting: LHB Mark P Johnson 0-0: SINGLE (Line Drive, 34D, EV 99.4 MPH)
Batting: RHB Mike Macfarlane 0-0: Called Strike
0-1: Swinging Strike
0-2: Ball
1-2: Strikes out swinging
Batting: RHB Mike Mordecai 0-0: Ball
1-0: Ball
2-0: Fly out, F8 (Flyball, 8LM, EV 87.5 MPH)
Bottom of the 8th over - 0 runs, 1 hit, 0 errors, 1 left on base; Nashville 2 - Portland 11
TOP OF THE 9TH
Nashville Sounds batting - Pitching for Portland Stag : RHP Bryan Rekar
Batting: RHB Eli Marrero 0-0: Ball
1-0: Foul Ball, location: 2F
1-1: Swinging Strike
1-2: DOUBLE (Line Drive, 78D, EV 111.9 MPH)
Batting: RHB Adam Riggs 0-0: Called Strike
0-1: Ground out 4-3 (Groundball, 4S, EV 68.8 MPH)
Eli Marrero to third
Batting: SHB Felix Martinez 0-0: Ball
1-0: Fly out, F9 (Line Drive, 9, EV 85.6 MPH)
Runner from 3rd tags up, SCORES, no throw by RF
Batting: RHB Donnell Neal 0-0: Fly out, F8 (Line Drive, 8LD, EV 94.4 MPH)
Top of the 9th over - 1 run, 1 hit, 0 errors, 0 left on base; Nashville 3 - Portland 11
Monday, January 26th, 2026 - OOTP Baseball 20.8 Build 74